 Dungeon Crawl Stone Soup version 0.30-a0-779-g7971cf19c3 (webtiles) character file.

Game seed: 18026425267318426053

2154 HoaS the Markself (level 9, -1/47 HPs)
             Began as a Deep Elf Hunter on Feb 17, 2023.
             Was an Elder of Zin.
             Slain by an unseen horror (6 damage)
             ... on level 7 of the Dungeon.
             The game lasted 00:15:17 (5634 turns).

HoaS the Markself (Deep Elf Hunter)                 Turns: 5634, Time: 00:15:17

Health: -1/47      AC: 10    Str:  8    XL:     9   Next: 10%
Magic:  14/14      EV: 18    Int: 15    God:    Zin [****..]
Gold:   388        SH:  0    Dex: 22    Spells: 8/8 levels left

rFire   . . .      SeeInvis .    a - +0 shortbow
rCold   . . .      Faith    .    (shield currently unavailable)
rNeg    . . .      Spirit   .    z - +0 steam dragon scales
rPois   .          Reflect  .    (no helmet)
rElec   .          Harm     .    t - +0 cloak
rCorr   +          Rampage  .    l - +1 pair of gloves
Will    .....                    g - +1 pair of boots
Stlth   ++                       p - amulet of the acrobat
HPRegen 0.27/turn                n - ring of resist corrosion
MPRegen 0.14/turn                w - +5 ring of evasion

@: no status effects
A: no striking features
a: Renounce Religion, Recite, Vitalisation, Imprison, Donate Gold


You were on level 7 of the Dungeon.
You worshipped Zin.
Zin was greatly pleased with you.
You visited 1 branch of the dungeon, and saw 7 of its levels.

You collected 481 gold pieces.
You spent 45 gold pieces at shops.
You donated 48 gold pieces to Zin.

Inventory:

Hand Weapons
 a - a +0 shortbow (weapon)
Missiles
 y - 2 throwing nets
Armour
 g - a +1 pair of boots (worn)
 l - a +1 pair of gloves (worn)
 t - a +0 cloak (worn)
 z - +0 steam dragon scales (worn)
Jewellery
 k - a ring of see invisible
 n - a ring of resist corrosion (left hand)
 p - an amulet of the acrobat (around neck)
 s - a ring of protection from cold
 w - a +5 ring of evasion (right hand)
Wands
 h - a wand of roots (9)
 m - a wand of digging (8)
 v - a wand of flame (18)
Scrolls
 b - 3 scrolls of immolation
 d - a scroll of teleportation
 o - a scroll of magic mapping
 q - a scroll of blinking
 u - a scroll of fog
Potions
 f - a potion of cancellation
 i - 3 potions of attraction
 j - a potion of curing
 r - a potion of haste


   Skills:
 - Level 1.5 Fighting
 * Level 15.0 Ranged Weapons
 - Level 2.4 Dodging
 - Level 1.2 Stealth
 - Level 5.0 Invocations


You had 8 spell levels left.
You didn't know any spells.
Your spell library contained the following spells:

 Spells                   Type           Power      Damage    Failure   Level
 Beastly Appendage        Tmut           0%         N/A       26%         1
 Sting                    Tmut/Pois      0%         1d3       26%         1
 Ensorcelled Hibernation  Hex/Ice        0%         N/A       38%         2
 Passwall                 Tmut/Erth      0%         N/A       38%         2
 Poisonous Vapours        Pois/Air       0%         N/A       38%         2
 Scorch                   Fire           0%         2d5       38%         2
 Wereblood                Tmut           0%         N/A       38%         2
 Gell's Gravitas          Tloc           0%         N/A       63%         3
 Inner Flame              Hex/Fire       0%         N/A       63%         3
 Spider Form              Tmut/Pois      0%         N/A       63%         3
 Swiftness                Air            0%         N/A       63%         3
 Teleport Other           Tloc           0%         N/A       63%         3
 Cause Fear               Hex            0%         N/A       95%         4
 Flame Wave               Conj/Fire      0%         2d4       95%         4
 Olgreb's Toxic Radiance  Pois           0%         N/A       95%         4
 Sticky Flame             Conj/Fire      0%         2d3       95%         4
 Fireball                 Conj/Fire      0%         3d3       100%        5
 Iskenderun's Battlesphe  Conj           0%         2d6       100%        5
 Conjure Ball Lightning   Conj/Air       0%         3x3d6     100%        6
 Dispersal                Tloc           0%         N/A       100%        6
 Summon Cactus Giant      Summ           0%         N/A       100%        6
 Orb of Destruction       Conj           0%         9d5       100%        7
 Discord                  Hex            0%         N/A       100%        8
 Disjunction              Tloc           0%         N/A       100%        8


Dungeon Overview and Level Annotations

Branches:
Dungeon (7/15)             Temple (0/1) D:7

Altars:
Fedhas
Makhleb
Ru
Vehumet
Zin

Shops:
D:4 *


Message History

Press: ? - help, Q - select action, (/) - cycle Shift-Dir - straight line, f/p - boulder beetle
Aim: a boulder beetle (lightly wounded, 92% to hit)
Okay, then.
You feel much better. Something hits you!
Fire: a) +0 shortbow
Press: ? - help, Q - select action, (/) - cycle Shift-Dir - straight line, f/p - boulder beetle
Aim: a boulder beetle (lightly wounded, 92% to hit)
You shoot an arrow. Something hits you but does no damage.
Something completely misses you.
Fire: a) +0 shortbow
Press: ? - help, Q - select action, (/) - cycle Shift-Dir - straight line, f/p - boulder beetle
Aim: a boulder beetle (lightly wounded, 92% to hit)
You shoot an arrow.
The arrow hits the boulder beetle but does no damage.
The boulder beetle is lightly wounded.
Something hits you but does no damage. Something barely misses you.
Fire: a) +0 shortbow
Press: ? - help, Q - select action, (/) - cycle Shift-Dir - straight line, f/p - boulder beetle
Aim: a boulder beetle (lightly wounded, 92% to hit)
You shoot an arrow. Something hits you!
Fire: a) +0 shortbow
Press: ? - help, Q - select action, (/) - cycle Shift-Dir - straight line, f/p - boulder beetle
Aim: a boulder beetle (lightly wounded, 92% to hit)
You shoot an arrow.
The arrow hits the boulder beetle but does no damage.
The boulder beetle is lightly wounded.
Something hits you but does no damage. Something barely misses you.
Fire: a) +0 shortbow
Press: ? - help, Q - select action, (/) - cycle Shift-Dir - straight line, f/p - boulder beetle
Aim: a boulder beetle (lightly wounded, 92% to hit)
You shoot an arrow. Something hits you!
* * * LOW HITPOINT WARNING * * *
Fire: a) +0 shortbow
Press: ? - help, Q - select action, (/) - cycle Shift-Dir - straight line, f/p - boulder beetle
Aim: a boulder beetle (lightly wounded, 92% to hit)
You shoot an arrow. Something hits you.
You die...

#≈ #.##..(....#####..##### #
###.##.............)#....
#.####...##.......#.####......
#........##.....>.............
#.####...##........##.##.##.##
##.###...........##.# .# #.#
######.#..#....# #
...#####.########..#...####
............B{@........... #
..#####.#########.#####.## #
#.......# ..##..###.# #
#..#####..# #..##..#.#######
#. .# #..##..#.##...## # #
..##..###.##..... #..
#..##..##...#.
#.##..##..#[###.### #. #..
#..#.##...#


You could see a boulder beetle.

Vanquished Creatures
  Sigmund (D:3)
  Eustachio (D:5)
  A vampire mosquito (D:7)
  A steam dragon (D:7)
  A water moccasin (D:6)
  A black bear (D:7)
  2 ice beasts
  The ghost of ThereIsNoGod the Ducker, an amateur OpFi (D:4)
  2 phantoms (D:7)
  2 bullfrogs
  2 necrophages
  3 scorpions
  A crimson imp (D:5)
  A gnoll bouda (D:5)
  2 jellies (D:7)
  2 orc priests
  4 iguanas
  Terence (D:2)
  Jessica (D:2)
  8 gnolls
  6 adders
  A white imp (D:7)
  2 ufetubi
  An adder zombie (D:2)
  2 worms
  5 dart slugs
  14 orcs
  6 endoplasms
  6 giant cockroaches
  4 goblins
  9 hobgoblins
  6 kobolds
  3 quokkas
  6 ball pythons
  A ball python skeleton (D:2)
  7 bats
  A frilled lizard (D:1)
  A jackal skeleton (D:2)
  A quokka zombie (D:2)
  8 rats
128 creatures vanquished.

Vanquished Creatures (others)
  2 plants (D:7)
2 creatures vanquished.

Grand Total: 130 creatures vanquished

Notes
Turn   | Place    | Note
-------+----------+-------------------------------------------
     0 | D:1      | HoaS the Deep Elf Hunter began the quest for the Orb.
     0 | D:1      | Reached XP level 1. HP: 12/12 MP: 3/3
    55 | D:1      | Found a faded altar of an unknown god.
   100 | D:1      | Reached skill level 6 in Ranged Weapons
   100 | D:1      | Reached XP level 2. HP: 14/16 MP: 4/4
   775 | D:2      | Reached XP level 3. HP: 20/20 MP: 5/5
   838 | D:2      | Reached skill level 7 in Ranged Weapons
  1069 | D:2      | Noticed Jessica
  1072 | D:2      | Killed Jessica
  1073 | D:2      | Reached XP level 4. HP: 13/25 MP: 6/6
  1170 | D:2      | Noticed Terence
  1191 | D:2      | Killed Terence
  1192 | D:2      | Reached skill level 8 in Ranged Weapons
  1601 | D:3      | Reached XP level 5. HP: 19/29 MP: 7/7
  1757 | D:3      | Found a sacrificial altar of Ru.
  1757 | D:3      | Noticed Sigmund
  1779 | D:3      | Found a glowing silver altar of Zin.
  2107 | D:3      | Found a blossoming altar of Fedhas.
  2314 | D:3      | Killed Sigmund
  2315 | D:3      | Reached skill level 10 in Ranged Weapons
  2315 | D:3      | Reached XP level 6. HP: 34/34 MP: 8/8
  2344 | D:3      | Became a worshipper of Zin the Law-Giver
  2344 | D:3      | Reached * piety under Zin
  2515 | D:4      | Found Gisty's Neck Hole.
  2523 | D:4      | Bought a +0 cloak for 45 gold pieces
  2587 | D:4      | Reached ** piety under Zin
  2599 | D:4      | Identified the +1 hat "Foemn" {Rampage}
  2627 | D:4      | Reached skill level 1 in Invocations
  2932 | D:4      | Found a runed translucent door.
  2933 | D:4      | Noticed ThereIsNoGod's ghost (amateur OpFi)
  3346 | D:4      | Killed ThereIsNoGod's ghost
  3347 | D:4      | Reached XP level 7. HP: 21/38 MP: 8/10
  3451 | D:5      | Entered Level 5 of the Dungeon
  3477 | D:5      | Reached skill level 11 in Ranged Weapons
  3810 | D:5      | Reached *** piety under Zin
  3866 | D:5      | Noticed Eustachio
  3875 | D:5      | Killed Eustachio
  4267 | D:5      | Reached skill level 12 in Ranged Weapons
  4369 | D:5      | Found a burning altar of Makhleb.
  4375 | D:5      | Reached XP level 8. HP: 43/43 MP: 12/12
  4532 | D:6      | Reached **** piety under Zin
  4741 | D:6      | Identified the +1 robe "Awep" {rF+}
  4790 | D:6      | Found a radiant altar of Vehumet.
  4949 | D:7      | Found a staircase to the Ecumenical Temple.
  5195 | D:7      | Reached skill level 13 in Ranged Weapons
  5202 | D:7      | Reached skill level 5 in Invocations
  5378 | D:7      | Reached skill level 14 in Ranged Weapons
  5396 | D:7      | Reached XP level 9. HP: 15/47 MP: 14/14
  5561 | D:7      | L]
  5614 | D:7      | Noticed a boulder beetle
  5615 | D:7      | Reached skill level 15 in Ranged Weapons
  5634 | D:7      | Slain by an unseen horror

Illustrated notes

# ##. ##... ......#####
.......@..#
#.....###.####
##...#.......# ##)
#.##.##.## #.. #
#.##.##..## #..
#######.##......# #..
#.......#####..## #..
#..(....#####..########..
#.............)#.........


Turn 5561 on D:7: L]

Levels and vault maps discovered:
D:1:      lightli_arrival_quake, layout_loops_ring, basic_ecumenical_altar
D:2:      layout_loops_cross, serial_undead, serial_undead_f, serial_undead_d,
          serial_undead_d, serial_undead_b, serial_undead_a, uniq_jessica,
          uniq_terence
D:3:      layout_basic, fedhas_altar_1, mainiacjoe_overflow_two_lobes,
          kennysheep_generic_room_7, uniq_sigmund
D:4:      layout_gridville, gammafunk_ghost_grave, minmay_misc_feat_rows,
          nicolae_shop_sticking_my_neck_out
D:5:      layout_gridville, makhleb_grotto_becter, uniq_eustachio
D:6:      layout_rooms, nicolae_vehumet_radiance
D:7:      layout_loops_cross, minmay_temple_entry_stoned_glass, serial_rivers,
          chequers_serial_rivers_small_3, chequers_serial_rivers_small_a,
          chequers_serial_rivers_large_a, chequers_serial_rivers_small_b,
          minmay_the_grid_2x2 [minmay_the_grid_minigrid_medium,
          minmay_the_grid_mess, minmay_the_grid_garden,
          minmay_the_grid_prize_inner_circle]

Skill      XL: |  1  2  3  4  5  6  7  8  9 |
---------------+----------------------------+-----
Ranged Weapons | 6 7 8 10 12 14 15 | 15.0
Invocations    | 1 3 5 |  5.0
Fighting       | |  1.5
Dodging        | |  2.4
Stealth        | |  1.2

Action                     |  1- 3 |  4- 6 |  7- 9 || total
---------------------------+-------+-------+-------++-------
   Fire: Shortbow          |    93 |   147 |   275 ||   515
    Use: Scroll            |     3 |     4 |     9 ||    16
         Potion            |       |     1 |     3 ||     4
 Armour: Leather armour    |    12 |     7 |    50 ||    69
         Steam dragon scal |       |       |    13 ||    13
  Dodge: Dodged            |    29 |    29 |   137 ||   195

Table legend: (Time is in decaauts)
 A = Elapsed time spent in this place.
 B = Non-inter-level travel time spent in this place.
 C = Inter-level travel time spent in this place.
 D = Time resting spent in this place.
 E = Time spent auto-exploring this place.
 F = Levels seen in this place.
 G = Mean time per level.
                   A        B        C        D        E       F      G
               +--------+--------+--------+--------+--------+-----+--------+
         Total |   5646 |   5358 |    288 |    786 |   3596 |   7 |  806.6 |
       Dungeon |   5646 |   5358 |    288 |    786 |   3596 |   7 |  806.6 |
               +--------+--------+--------+--------+--------+-----+--------+

Top non-repeatable levels by time:
     D:4: 1063 daAuts
     D:5: 1041 daAuts
     D:3: 924 daAuts
     D:1: 784 daAuts
     D:2: 711 daAuts
     D:7: 669 daAuts
     D:6: 453 daAuts
